 Dungeon Crawl Stone Soup version 0.31-a0-466-g98c9adc2b6 (webtiles) character file.

Game seed: 16562467581274434331

3797 MisterAzrael the Nimble (level 10, -1/60 HPs)
             Began as a Djinni Fire Elementalist on Aug 5, 2023.
             Was a Follower of Qazlal.
             Slain by a black bear (3 damage)
             ... on level 7 of the Dungeon.
             The game lasted 00:17:00 (7224 turns).

MisterAzrael the Nimble (Djinni Fire Elementalist)  Turns: 7224, Time: 00:17:01

Health: -1/60      AC:  3    Str:  7    XL:     10   Next: 39%
Gold:   349        EV: 16    Int: 21    God:    Qazlal [*.....] SH:  1 Dex: 14

rFire   + + .        j - +2 club (spect)
rCold   x . .        (no shield)
rNeg    . . .        q - +1 robe {Will+}
rPois   ∞            (no helmet)
rElec   .            (no cloak)
rCorr   .            (no gloves)
SInv    +            (boots unavailable)
Will    ++...        e - amulet of the acrobat
Stlth   ++           f - ring of see invisible
HPRegen 0.30/turn    (no ring)
MPRegen 0.00/turn

%: acrobat, infuse magic (-2 HP)
@: about to teleport, flying
A: sickness immunity, fire resistance 2, cold vulnerability 1, float, innate
caster, HP casting, extra vitality 1
a: Renounce Religion


You were on level 7 of the Dungeon.
You worshipped Qazlal.
Qazlal was aware of your devotion.
You visited 2 branches of the dungeon, and saw 8 of its levels.

You collected 349 gold pieces.

Inventory:

Hand Weapons
 j - a +2 spectral club (weapon)
Armour
 a - a +0 robe
 q - a +1 robe of willpower (worn)
Jewellery
 e - an amulet of the acrobat (around neck)
 f - a ring of see invisible (left hand)
 l - a ring of positive energy
 y - an amulet of reflection
Wands
 t - a wand of flame (29)
 C - a wand of light (7)
 D - a wand of charming (6)
Scrolls
 c - a scroll of identify
 g - a scroll of fear {unknown}
 i - a scroll of immolation {unknown}
 m - 2 scrolls of fog {unknown}
 n - 2 scrolls of enchant armour {unknown}
 w - a scroll of blinking {unknown}
 A - a scroll of revelation
 B - a scroll of torment {unknown}
Potions
 b - a potion of cancellation {unknown}
 d - 4 potions of curing {unknown}
 k - a potion of berserk rage {unknown}
 o - 2 potions of ambrosia {unknown}
 p - a potion of heal wounds {unknown}
 r - a potion of brilliance {unknown}
 s - a potion of lignification {unknown}
 u - a potion of magic {unknown}
 v - a potion of enlightenment {unknown}
 x - 2 potions of degeneration {unknown}
 z - a potion of attraction {unknown}


   Skills:
 + Level 9.4 Dodging
 - Level 3.3 Stealth
 * Level 9.0 Spellcasting
 * Level 9.0 Conjurations
 * Level 9.0 Hexes
   Level 0.0 Charms
 * Level 9.0 Summonings
 * Level 9.0 Necromancy
 * Level 9.0 Translocations
 * Level 9.0 Transmutations
 * Level 9.0 Fire Magic
 * Level 9.0 Ice Magic
 * Level 9.0 Air Magic
 * Level 9.0 Earth Magic
 * Level 9.0 Poison Magic


You knew the following spells:

 Your Spells              Type           Power      Damage    Failure   Level
a - Foxfire               Conj/Fire      100%       2x1d9     1%          1
b - Scorch                Fire           94%        2d8       1%          2
c - Volatile Blastmotes   Fire/Tloc      94%        2d17      1%          3
d - Inner Flame           Hex/Fire       47%        N/A       1%          3
e - Flame Wave            Conj/Fire      47%        2d12      1%          4
f - Magic Dart            Conj           100%       1d8       1%          1
g - Blink                 Tloc           94%        N/A       1%          2
h - Confusing Touch       Hex            47%        N/A       1%          3
i - Sticky Flame          Conj/Fire      47%        2d6       1%          4
Your spell library was empty.

Dungeon Overview and Level Annotations

Branches:
Dungeon (7/15)             Temple (1/1) D:6

Altars:
Ashenzari
Cheibriados
Dithmenos
Elyvilon
Fedhas
Gozag
Hepliaklqana
Makhleb
Nemelex Xobeh
Okawaru
Qazlal
Ru
Uskayaw
Wu Jian
Xom
Yredelemnul
Zin
The Shining One


Innate Abilities, Weirdness & Mutations

You are immune to sickness and miasma.
You are immune to poison.
Your flesh is very heat resistant. (rF++)
You are vulnerable to cold. (rC-)
You float through the air rather than walking.
You learn spells naturally, not from books.
Your magical power is your life essence.
You have superior vitality. (+4 MHP)


Message History

h - 3 scrolls of teleportation The wyvern completely misses you.
The sleepcap releases spores at you.
* * * LOW HITPOINT WARNING * * *
The wyvern bites you but does no damage.
The wyvern is engulfed in blazing flames.
As you read the scroll of teleportation, it crumbles to dust.
You feel strangely unstable.
The wyvern bites you but does no damage.
The sleepcap barely misses you. The sleepcap attacks as you move away!
The sleepcap releases spores at you.
* * * LOW HITPOINT WARNING * * *
The wyvern closely misses you.
The wyvern hisses angrily.
The sleepcap attacks as you move away! The sleepcap barely misses you.
Your surroundings suddenly seem different.
A sleepcap comes into view.
The sleepcap misses you. The sleepcap attacks as you move away!
The sleepcap misses you. The sleepcap attacks as you move away!
The sleepcap completely misses you.
A white imp comes into view.
As you read the scroll of teleportation, it crumbles to dust.
You feel strangely unstable. The sleepcap releases spores at you.
* * * LOW HITPOINT WARNING * * *
A bullfrog comes into view.
Found 6 gold pieces.
Your surroundings seem slightly different.
You now have 349 gold pieces (gained 6).
A black bear comes into view.
The black bear attacks as you move away!
The black bear completely misses you. The black bear claws you.
* * * LOW HITPOINT WARNING * * *
The black bear misses you.
As you read the scroll of teleportation, it crumbles to dust.
You feel strangely unstable. The black bear closely misses you.
The black bear misses you. The black bear closely misses you.
The black bear attacks as you move away!
The black bear bites you.
* * * LOW HITPOINT WARNING * * *
The black bear claws you.
You die...

#,,*,**,***,**,*,,** *,** *,,,*
#*,**,**,,**,*,*,,,***,,***,,,*
,*,'**,*,,,*,*,'*,,,*+,,,**,,,*
*,,*,*,**,**,*,***,,,*,,,,*,,,*
#*,*,**,***,**,* **,,*,,,,*,,,*
'#***,**,,,**,*###+###,,,,*,,,*
...***,*****,*##.#.#.##,,,,****
,..,***,,,,,*##.#f#.#.##,,,*
,*,,,****'***#.#@#.#.#.##,,*
,*,,,,* *,,,#.#h#.#.#.#.#,**
,**,,,****,,##.#.#.#.#.##,*
,,*,,,',*,*,+.#.#.#.#f#.+,*
*,*,,,*,,***##.#.#.#.#.##,*
,***,,*,,,* #.#.#.#.#.#.#,*
*,,*,****'**##.#.#.#.#.##,*
*,,***,,,,,,,##.#.#.#.##,,*
,,***,,**,,,,,##.#F#,##,,,*


You could see a black bear and a sleepcap.

Vanquished Creatures
  Pikel (D:6)
  A troll (D:7)
  Grinder (D:4)
  Sigmund (D:2)
  Menkaure (D:5)
  3 water moccasins
  3 sky beasts (D:6)
  An ice beast (D:7)
  An ogre (D:6)
  2 lemures
  A phantom (D:3)
  Blork the orc (D:4)
  A gnoll sergeant (D:6)
  4 bullfrogs
  4 scorpions
  A wight (D:7)
  2 howler monkeys
  2 jellies (D:7)
  5 hounds
  3 orc priests
  Jessica (D:3)
  2 gnoll boudas
  6 orc wizards
  2 sleepcaps (D:5)
  Natasha (twice) (D:3)
  5 iguanas
  Robin (D:3)
  8 gnolls
  6 adders
  A shadow imp (D:7)
  3 ufetubi
  3 worms
  A dart slug (D:1)
  13 orcs
  10 ball pythons
  20 endoplasms
  5 giant cockroaches
  12 goblins
  9 hobgoblins
  6 jackals
  7 kobolds
  2 quokkas
  6 bats
  5 frilled lizards
  7 rats
182 creatures vanquished.

Vanquished Creatures (others)
  55 foxfires (D:1)
55 creatures vanquished.

Grand Total: 237 creatures vanquished

Notes
Turn   | Place    | Note
-------+----------+-------------------------------------------
     0 | D:1      | MisterAzrael the Djinni Fire Elementalist began the quest
                  | for the Orb.
     0 | D:1      | MisterAzrael set off with the following spells memorised:
                  | Foxfire, Scorch, Volatile Blastmotes, Inner Flame, Flame
                  | Wave.
     0 | D:1      | Reached XP level 1. HP: 15/15 MP: 0/0
   125 | D:1      | Reached XP level 2. HP: 18/21 MP: 0/0
   254 | D:1      | Reached XP level 3. HP: 25/25 MP: 0/0
   254 | D:1      | Learned a level 1 spell: Magic Dart
   839 | D:2      | Noticed Sigmund
   842 | D:2      | Killed Sigmund
   843 | D:2      | Reached XP level 4. HP: 19/31 MP: 0/0
   843 | D:2      | Reached XP level 5. HP: 21/35 MP: 0/0
   843 | D:2      | Learned a level 2 spell: Blink
   843 | D:2      | Reached XP level 6. HP: 24/40 MP: 0/0
  1965 | D:3      | Noticed Robin
  1975 | D:3      | Killed Robin
  2189 | D:3      | Found a sacrificial altar of Ru.
  2189 | D:3      | Noticed Natasha
  2191 | D:3      | Killed Natasha
  2333 | D:3      | Noticed Jessica
  2339 | D:3      | Killed Jessica
  2342 | D:3      | Noticed Natasha
  2344 | D:3      | Reached XP level 7. HP: 34/45 MP: 0/0
  2344 | D:3      | Learned a level 3 spell: Confusing Touch
  2346 | D:3      | Killed Natasha
  2442 | D:3      | Found an opulent altar of Gozag.
  2450 | D:3      | Reached skill level 5 in Dodging
  2528 | D:3      | Found a shadowy altar of Dithmenos.
  3702 | D:4      | Noticed Blork the orc
  3717 | D:4      | Killed Blork the orc
  3718 | D:4      | Reached skill level 5 in Spellcasting
  3718 | D:4      | Reached skill level 5 in Conjurations
  3718 | D:4      | Reached skill level 5 in Hexes
  3718 | D:4      | Reached skill level 5 in Summonings
  3718 | D:4      | Reached skill level 5 in Necromancy
  3718 | D:4      | Reached skill level 5 in Translocations
  3718 | D:4      | Reached skill level 5 in Transmutations
  3718 | D:4      | Reached skill level 5 in Fire Magic
  3718 | D:4      | Reached skill level 5 in Ice Magic
  3718 | D:4      | Reached skill level 5 in Air Magic
  3718 | D:4      | Reached skill level 5 in Earth Magic
  3718 | D:4      | Reached skill level 5 in Poison Magic
  4021 | D:4      | Noticed Grinder
  4025 | D:4      | Killed Grinder
  4026 | D:4      | Reached XP level 8. HP: 46/50 MP: 0/0
  4451 | D:5      | Entered Level 5 of the Dungeon
  4461 | D:5      | Noticed Menkaure
  4464 | D:5      | Killed Menkaure
  4949 | D:5      | Found a burning altar of Makhleb.
  4957 | D:5      | Reached XP level 9. HP: 41/55 MP: 0/0
  4957 | D:5      | Learned a level 4 spell: Sticky Flame
  5305 | D:5      | Found a white marble altar of Elyvilon.
  5538 | D:5      | Found a glowing golden altar of the Shining One.
  6006 | D:6      | Found a staircase to the Ecumenical Temple.
  6018 | Temple   | Entered the Ecumenical Temple
  6042 | Temple   | Became a worshipper of Qazlal Stormbringer
  6418 | D:6      | Found a blossoming altar of Fedhas.
  6472 | D:6      | Found a hazy altar of Hepliaklqana.
  6812 | D:6      | Found a shimmering altar of Xom.
  6888 | D:7      | Noticed a troll
  6889 | D:7      | Noticed Pikel
  6892 | D:7      | Killed a troll
  6893 | D:7      | Reached XP level 10. HP: 54/60 MP: 0/0
  6905 | D:6      | Killed Pikel
  7180 | D:7      | Reached * piety under Qazlal
  7215 | D:7      | HP: 3/60 [sleepcap (3)]
  7222 | D:7      | HP: 3/60 [black bear (1)]
  7224 | D:7      | Slain by a black bear

Illustrated notes

Levels and vault maps discovered:
D:1:      ncdulo_halloftheorcs, layout_rooms
D:2:      layout_basic, uniq_sigmund
D:3:      layout_basic, overflow_temple_1_default,
          mainiacjoe_overflow_catwalk_spiral, uniq_natasha, uniq_jessica,
          uniq_robin
D:4:      minmay_skewed_foursquare, layout_loops_corners,
          kennysheep_generic_room_5, uniq_grinder, uniq_blork_the_orc
D:5:      layout_basic, elyvilon_altar_3, kennysheep_little_box,
          lemuel_doored_altar, kennysheep_generic_room_13, uniq_menkaure
D:6:      layout_basic, old_standard_altar, mainiacjoe_overflow_large_starburst,
          minmay_temple_entry_arrows
D:7:      minmay_the_grid_octo_tiled_octocenter
          [minmay_the_grid_octo_checkerflower, minmay_the_grid_octo_clover_2,
          minmay_the_grid_octo_vomiting_pacman, minmay_the_grid_octo_checkered,
          minmay_the_grid_octo_prize_single_spiral,
          minmay_the_grid_square_5x5_meh, minmay_the_grid_square_5x5_n,
          minmay_the_grid_square_5x5_inverted_slash,
          minmay_the_grid_square_5x5_slash], layout_rooms, uniq_pikel
Temple:   minmay_temple_bridge_abc

Skill      XL: |  1  2  3  4  5  6  7  8  9 10 |
---------------+-------------------------------+-----
Spellcasting   | 4 5 6 8 9 |  9.0
Conjurations   | 4 5 6 8 9 |  9.0
Hexes          | 4 5 6 8 9 |  9.0
Summonings     | 4 5 6 8 9 |  9.0
Necromancy     | 4 5 6 8 9 |  9.0
Translocations | 4 5 6 8 9 |  9.0
Transmutations | 4 5 6 8 9 |  9.0
Fire Magic     | 4 5 6 8 9 |  9.0
Ice Magic      | 4 5 6 8 9 |  9.0
Air Magic      | 4 5 6 8 9 |  9.0
Earth Magic    | 4 5 6 8 9 |  9.0
Poison Magic   | 4 5 6 8 9 |  9.0
Stealth        | 2 3 |  3.3
Dodging        | 4 6 7 8 9 |  9.4

Action                     |  1- 3 |  4- 6 |  7- 9 | 10-12 || total
---------------------------+-------+-------+-------+-------++-------
  Melee: Unarmed           |     1 |       |       |       ||     1
         Club              |       |       |     3 |       ||     3
   Cast: Foxfire           |    33 |       |       |       ||    33
         Magic Dart        |    25 |    63 |   111 |    20 ||   219
         Inner Flame       |     9 |    30 |    57 |    19 ||   115
         Volatile Blastmot |     1 |       |     2 |       ||     3
         Scorch            |       |     2 |    10 |     2 ||    14
         Blink             |       |       |     3 |     2 ||     5
         Sticky Flame      |       |       |    11 |       ||    11
         Confusing Touch   |       |       |     1 |       ||     1
         Flame Wave        |       |       |       |     1 ||     1
    Use: Scroll            |       |       |       |     5 ||     5
 Armour: Robe              |     3 |     1 |     4 |     2 ||    10
  Dodge: Dodged            |     8 |     5 |    42 |    17 ||    72

Table legend: (Time is in decaauts)
 A = Elapsed time spent in this place.
 B = Non-inter-level travel time spent in this place.
 C = Inter-level travel time spent in this place.
 D = Time resting spent in this place.
 E = Time spent auto-exploring this place.
 F = Levels seen in this place.
 G = Mean time per level.
                   A        B        C        D        E       F      G
               +--------+--------+--------+--------+--------+-----+--------+
         Total |   7226 |   7037 |    189 |   1221 |   4728 |   8 |  903.2 |
       Dungeon |   7175 |   6986 |    189 |   1221 |   4728 |   7 | 1025.0 |
        Temple |     50 |     50 |      0 |      0 |      0 |   1 |   50.0 |
               +--------+--------+--------+--------+--------+-----+--------+

Top non-repeatable levels by time:
     D:6: 1379 daAuts
     D:3: 1316 daAuts
     D:4: 1234 daAuts
     D:5: 1169 daAuts
     D:2: 1094 daAuts
     D:1: 806 daAuts
     D:7: 174 daAuts
  Temple: 50 daAuts
